 Dungeon Crawl Stone Soup version 0.28.0 (webtiles) character file.

Game seed: 531941937035008656

99 Peloso the Covered (level 4, 0/40 HPs)
             Began as a Minotaur Fighter on Feb 11, 2022.
             Killed by divine providence
             ... invoked by an orc priest
              (13 damage)
             ... on level 3 of the Dungeon.
             The game lasted 00:02:26 (1530 turns).

Peloso the Covered (Minotaur Fighter)               Turns: 1530, Time: 00:02:27

Health: 0/40       AC: 13    Str: 21    XL:     4   Next: 45%
Magic:  3/3        EV:  6    Int:  5    God:
Gold:   49         SH:  4    Dex: 11    Spells: 3/3 levels left

rFire   . . .      SeeInvis .   a - +0 long sword
rCold   . . .      Faith    .   c - +0 buckler
rNeg    . . .      Spirit   .   h - +0 plate armour
rPois   .          Reflect  .   (helmet restricted)
rElec   .          Harm     .   (no cloak)
rCorr   .          Rampage  .   (no gloves)
Will    .....                   j - +0 pair of boots
Stlth   ..........              (no amulet)
HPRegen 0.13/turn               (no ring)
MPRegen 0.08/turn               (no ring)

@: no status effects
A: horns 2, retaliatory headbutt
a: no special abilities


You were on level 3 of the Dungeon.
You visited 1 branch of the dungeon, and saw 3 of its levels.

You collected 49 gold pieces.

Inventory:

Hand Weapons
 a - a +0 long sword (weapon)
Armour
 b - a +0 scale mail
 c - a +0 buckler (worn)
 h - a +0 plate armour (worn)
 j - a +0 pair of boots (worn)
Scrolls
 f - a scroll of immolation {unknown}
 i - a scroll of amnesia {unknown}
 l - a scroll of teleportation {unknown}
 m - a scroll of identify {unknown}
 n - a scroll of enchant weapon {unknown}
Potions
 d - a potion of might
 e - a potion of lignification {unknown}
 g - a potion of brilliance {unknown}
 k - a potion of experience {unknown}


   Skills:
 + Level 4.3 Fighting
 + Level 4.0 Long Blades
 + Level 4.5 Armour
 + Level 0.2 Dodging
 + Level 4.1 Shields


You had 3 spell levels left.
You didn't know any spells.
Your spell library contained the following spells:

 Spells                   Type           Power      Damage    Failure   Level
 Dazzling Flash           Conj/Hex       0%         N/A       100%        3
 Iskenderun's Mystic Bla  Conj/Tloc      0%         2d3       100%        4
 Starburst                Conj/Fire      0%         6d3       100%        6


Dungeon Overview and Level Annotations

Branches:
Dungeon (3/15)

Altars:


Innate Abilities, Weirdness & Mutations

You have a pair of horns on your head.
You reflexively headbutt those who attack you in melee.


Message History

There is a stone staircase leading up here.
An orc comes into view. It is wielding a +0 falchion.
The orc shouts!
You hear a shout!
An orc comes into view. It is wielding a +0 club.
An orc priest comes into view. It is wielding a +0 hand axe.
The orc priest shouts!
You hear a shout!
The orc priest calls down the wrath of Beogh upon you.
Beogh smites you!
An orc priest comes into view. It is wielding a +0 trident.
The ball python bites you but does no damage.
The ball python grabs you. The ball python constricts you.
You closely miss the goblin. The goblin hits you but does no damage.
The ball python bites you but does no damage.
The ball python constricts you. The orc hits you but does no damage.
The goblin hits you but does no damage. The ball python bites you.
The ball python constricts you.
Unknown command.
You barely miss the goblin. Your headbutt misses the goblin.
The orc hits you but does no damage. The ball python bites you.
The ball python constricts you.
The orc priest mumbles some strange prayers to Beogh against you.
Beogh smites you! The goblin hits you but does no damage.
You hit the goblin.
You kill the goblin!
The ball python bites you but does no damage.
The ball python constricts you. The orc hits you with a +0 falchion.
An orc breaks down the door.
You block the ball python's attack. The ball python constricts you.
Your Long Blades skill increases to level 4!
You escape the ball python's grasp.
The orc hits you with a +0 falchion. You block the orc's attack.
An orc comes into view. It is wielding a +0 war axe.
There is a broken door, spattered with blood here.
Unknown command.
The orc hits you but does no damage.
You slash the orc!
You kill the orc!
The orc priest invokes the aid of Beogh against you.
Beogh smites you!
You die...

.... #... #.o## #
#...# .## #o#.###...
#o#.)......
#.#........
##.###+###wo........
.......@)So)........
##.###+###..........
#..........
#..........
#.#<.......
#.#........
#.###...### #.. .###
.. ..


You could see an orc priest, a dart slug, an orc and a ball python.

Vanquished Creatures
  Terence (D:2)
  3 adders (D:2)
  2 worms (D:2)
  An orc (D:3)
  4 ball pythons
  5 bats
  3 endoplasms (D:1)
  3 giant cockroaches
  7 goblins
  2 hobgoblins (D:2)
  A kobold (D:2)
  A quokka (D:2)
  3 frilled lizards
  6 rats
42 creatures vanquished.

Vanquished Creatures (others)
  2 fungi (D:2)
  2 plants (D:2)
4 creatures vanquished.

Grand Total: 46 creatures vanquished

Notes
Turn   | Place    | Note
-------+----------+-------------------------------------------
     0 | D:1      | Peloso the Minotaur Fighter began the quest for the Orb.
     0 | D:1      | Reached XP level 1. HP: 19/19 MP: 0/0
   110 | D:1      | Reached XP level 2. HP: 27/27 MP: 1/1
   463 | D:2      | Reached XP level 3. HP: 27/33 MP: 2/2
   706 | D:2      | Found a faded altar of an unknown god.
  1298 | D:2      | Reached XP level 4. HP: 40/40 MP: 3/3
  1312 | D:2      | Noticed Terence
  1321 | D:2      | Killed Terence
  1530 | D:3      | Killed from afar by an orc priest

Illustrated notes

Levels and vault maps discovered:
D:1:      dpeg_arrival_fog, layout_rooms
D:2:      layout_basic, shapermc_ecumenical_altar_mp_ritualfount, uniq_terence
D:3:      minmay_spotlight, layout_rooms, tso_metal_star,
          gup_sewer_entry_spiral, minmay_door_square, uniq_crazy_yiuf_cottage,
          uniq_robin

Skill      XL: |  1  2  3  4 |
---------------+-------------+-----
Armour         | 4 |  4.5
Fighting       | 4 |  4.3
Shields        | 4 |  4.1
Long Blades    | 3 4 |  4.0
Dodging        | |  0.2

Action                   |  1- 3 |  4- 6 || total
-------------------------+-------+-------++-------
Melee: Long sword        |    75 |    21 ||    96
       Headbutt          |     7 |     4 ||    11
Armor: Scale mail        |    11 |       ||    11
       Plate armour      |    41 |    26 ||    67
Dodge: Dodged            |    32 |     4 ||    36
Block: Buckler           |    20 |     9 ||    29
